 Dungeon Crawl Stone Soup version 0.27-a0-343-gfcad680f63 (webtiles) character file.

Game seed: 1607194094866158963

1812 wampuh the Digger (level 8, 0/63 HPs)
             Began as a Pale Draconian Earth Elementalist on Feb 15, 2021.
             Was a Believer of Vehumet.
             Slain by an unseen horror (8 damage)
             ... on level 7 of the Dungeon.
             The game lasted 00:16:18 (7963 turns).

wampuh the Digger (DrEE)                            Turns: 7963, Time: 00:16:18

Health: 0/63       AC: 14    Str: 10 (11) XL:     8   Next: 84%
Magic:  2/15       EV: 14    Int: 17 (18) God:    Vehumet [**....]
Gold:   282        SH:  0    Dex: 16 (17) Spells: 10/17 levels left

rFire    . . .     SeeInvis .   u - +2 dagger (venom)
rCold    . . .     Faith    +   (no shield)
rNeg     . . .     Spirit   .   (armour unavailable)
rPois    .         Reflect  .   (helmet restricted)
rElec    .         Harm     .   D - +0 cloak
rCorr    .         Rampage  .   A - +1 pair of gloves {archery}
Will     .....                  v - +0 pair of boots
Stlth    ++........             x - amulet of faith
HPRegen  0.20/turn              o - +4 ring of protection
MPRegen  0.14/turn              n - +6 ring of dexterity

@: frozen ramparts, attractive, very slightly contaminated
A: breathe steam, unfitting armour, cold-blooded, AC +6
a: Breathe Steam, Renounce Religion


You were on level 7 of the Dungeon.
You worshipped Vehumet.
Vehumet was pleased with you.
You visited 1 branch of the dungeon, and saw 7 of its levels.

You collected 282 gold pieces.

Inventory:

Hand Weapons
 u - a +2 dagger of venom (weapon)
Missiles
 b - 166 stones
 f - 16 atropa-tipped darts (quivered)
Armour
 v - a +0 pair of boots (worn)
 A - a +1 pair of gloves of archery (worn)
 D - a +0 cloak (worn)
Jewellery
 d - a ring of willpower
 l - a ring of fire
 n - a +6 ring of dexterity (right hand)
 o - a +4 ring of protection (left hand)
 x - an amulet of faith (around neck)
Wands
 B - a wand of paralysis (5)
Scrolls
 c - 3 scrolls of enchant weapon {unknown}
 h - 3 scrolls of enchant armour {unknown}
 i - a scroll of blinking {unknown}
 j - a scroll of magic mapping {unknown}
 p - 6 scrolls of identify {unknown}
 s - 4 scrolls of teleportation {unknown}
 w - a scroll of fog {unknown}
 y - a scroll of random uselessness {unknown}
 E - a scroll of immolation {unknown}
Potions
 e - 2 potions of might
 k - 2 potions of brilliance {unknown}
 m - 2 potions of lignification {unknown}
 q - a potion of ambrosia {unknown}
 r - 3 potions of flight {unknown}
 t - 4 potions of heal wounds {unknown}
 z - 3 potions of curing {unknown}
 C - 2 potions of mutation {unknown}


   Skills:
 + Level 3.3 Fighting
 + Level 3.4 Dodging
 - Level 1.7 Stealth
 - Level 5.0 Spellcasting
 - Level 5.0 Conjurations
 + Level 3.4 Transmutations
 * Level 0.0 Ice Magic
 * Level 7.3 Earth Magic


You had 10 spell levels left.
You knew the following spells:

 Your Spells              Type           Power        Failure   Level
a - Sandblast             Erth           58%          1%          1
b - Stone Arrow           Conj/Erth      50%          3%          3
c - Frozen Ramparts       Ice            8%           38%         3

Your spell library contained the following spells:

 Spells                   Type           Power        Failure   Level
 Passwall                 Tmut/Erth      18%          2%          2
 Animate Skeleton         Necr           8%           14%         1
 Apportation              Tloc           8%           14%         1
 Corona                   Hex            4%           14%         1
 Summon Small Mammal      Summ           16%          14%         1
 Petrify                  Tmut/Erth      22%          16%         4
 Lee's Rapid Deconstruct  Erth           14%          19%         5


Dungeon Overview and Level Annotations

Branches:
Dungeon (7/15)
 Temple: D:4-7

Altars:
Dithmenos
Elyvilon
Okawaru
Ru
Sif Muna
Vehumet
Xom
Yredelemnul
Zin
The Shining One

Annotations:
D:3 2 transporters, ArcanElement's ghost, amateur HuFi


Innate Abilities, Weirdness & Mutations

You can breathe blasts of scalding, opaque steam.
Your pale cyan-grey scales are hard. (AC +6)
You cannot fit into any form of body armour.
You are cold-blooded and may be slowed by cold attacks.


Message History

Something barely misses you.
The wall freezes something.
Something hits you.
You hit something but do no damage.
The wall freezes something but does no damage.
Something barely misses you.
The wall freezes something.
Something hits you but does no damage.
The wall freezes something but does no damage.
Something hits you but does no damage.
You hit something.
The frozen ramparts melt away.
Something hits you but does no damage.
Casting: Frozen Ramparts (dangerous; 36% risk of failure)
Confirm with . or Enter, or press ? or * to list all spells.
Casting: Frozen Ramparts (dangerous; 36% risk of failure)
Press: ? - help, Dir - look around, f - activate You miscast Frozen Ramparts.
You are very lightly contaminated with residual magic.
Nothing appears to happen.
Something hits you. Something hits you but does no damage.
Casting: Frozen Ramparts (dangerous; 36% risk of failure)
Confirm with . or Enter, or press ? or * to list all spells.
Casting: Frozen Ramparts (dangerous; 36% risk of failure)
Press: ? - help, Dir - look around, f - activate The walls around you are covered in ice.
The wall freezes something.
Something hits you.
The wall freezes something.
Something closely misses you.
You hit something but do no damage.
The wall freezes something.
Something hits you!
The wall freezes something.
Something hits you!
* * * LOW HITPOINT WARNING * * *
The wall freezes something but does no damage.
It was a potion of attraction.
You feel attractive to monsters.
The wall freezes something but does no damage.
The wall freezes something.
Something hits you.
* * * LOW HITPOINT WARNING * * *
The wall freezes something.
Something hits you.
* * * LOW HITPOINT WARNING * * *
It was a potion of degeneration.
There was something very wrong with that liquid.
You feel weakened.
You feel dopey.
You feel clumsy.
The wall freezes something.
Something hits you!
You die...

...........##
#######.##..##
#.......#####..
#..............
#........###
####<.#....#####...
#..####........⌠
#..# #.#####...
#..# #.@.# #..#
###.# #..######[###
...#......(.#
............#
..#.....)..#
#........## ..
#..##.......###..
##....#.#.#.......


There were no monsters in sight!

Vanquished Creatures
  Sigmund (D:6)
  Edmund (D:6)
  Duvessa (D:6)
  An ice beast (D:5)
  A sky beast (D:5)
  3 ogres
  A centaur (D:7)
  2 bullfrogs
  Dowan (D:6)
  A scorpion (D:6)
  A howler monkey (D:5)
  A centaur zombie (D:6)
  2 quasits (D:5)
  Crazy Yiuf (D:6)
  A hound (D:4)
  A bullfrog skeleton (D:6)
  An iguana (D:5)
  4 orc wizards
  2 worker ants
  A worker ant zombie (D:6)
  10 gnolls
  A howler monkey skeleton (D:4)
  5 adders
  2 white imps (D:6)
  An ufetubus (D:6)
  An ooze (D:1)
  An adder skeleton (D:6)
  4 worms
  A dart slug (D:2)
  21 orcs
  5 bats
  3 giant cockroaches
  4 goblins
  15 hobgoblins
  3 jackals
  8 kobolds
  A quokka (D:4)
  2 ball pythons
  7 frilled lizards
  3 quokka skeletons
  8 rats
134 creatures vanquished.

Vanquished Creatures (others)
  6 plants (D:1)
6 creatures vanquished.

Grand Total: 140 creatures vanquished

Notes
Turn   | Place    | Note
-------+----------+-------------------------------------------
     0 | D:1      | wampuh the Draconian Earth Elementalist began the quest for
                  | the Orb.
     0 | D:1      | Reached XP level 1. HP: 14/14 MP: 3/3
   276 | D:1      | Reached XP level 2. HP: 20/20 MP: 1/5
  1411 | D:2      | Reached XP level 3. HP: 19/26 MP: 1/7
  1504 | D:2      | Reached skill level 4 in Earth Magic
  1523 | D:2      | Reached XP level 4. HP: 33/33 MP: 2/8
  1694 | D:2      | Learned a level 3 spell: Stone Arrow
  2126 | D:2      | Found a shimmering altar of Xom.
  2151 | D:2      | Found a shimmering blue altar of Sif Muna.
  2151 | D:2      | Found a sacrificial altar of Ru.
  2151 | D:2      | Found a radiant altar of Vehumet.
  2152 | D:2      | Found a glowing silver altar of Zin.
  2153 | D:2      | Found a basalt altar of Yredelemnul.
  2155 | D:2      | Found an iron altar of Okawaru.
  2156 | D:2      | Found a glowing golden altar of the Shining One.
  2164 | D:2      | Became a worshipper of Vehumet
  2496 | D:3      | Found a transporter.
  2496 | D:3      | Noticed ArcanElement's ghost (amateur HuFi)
  2621 | D:3      | Reached skill level 1 in Conjurations
  2971 | D:3      | Found a transporter.
  3057 | D:3      | Reached XP level 5. HP: 9/38 MP: 1/10
  3343 | D:3      | Found a faded altar of an unknown god.
  3409 | D:3      | Reached * piety under Vehumet
  3409 | D:3      | Offered knowledge of Foxfire by Vehumet.
  4364 | D:4      | Reached XP level 6. HP: 36/45 MP: 4/11
  4491 | D:4      | Found a shadowy altar of Dithmenos.
  4713 | D:5      | Entered Level 5 of the Dungeon
  4859 | D:5      | Noticed an ice beast
  4864 | D:5      | Killed an ice beast
  4865 | D:5      | Reached skill level 5 in Earth Magic
  5077 | D:5      | Found a white marble altar of Elyvilon.
  5173 | D:5      | Noticed a sky beast
  5177 | D:5      | Killed a sky beast
  5178 | D:5      | Your scales start taking on a pale cyan-grey colour.
  5178 | D:5      | Reached XP level 7. HP: 50/50 MP: 6/13
  5704 | D:6      | Reached skill level 5 in Conjurations
  6065 | D:6      | Found a runed translucent door.
  6066 | D:6      | Noticed Crazy Yiuf
  6116 | D:6      | Reached skill level 1 in Fighting
  6156 | D:6      | Noticed Edmund
  6192 | D:6      | Killed Edmund
  6192 | D:6      | Reached ** piety under Vehumet
  6192 | D:6      | Offered knowledge of Freeze by Vehumet.
  6193 | D:6      | Reached skill level 6 in Earth Magic
  6193 | D:6      | Reached XP level 8. HP: 25/56 MP: 1/15
  7029 | D:6      | Noticed Duvessa
  7029 | D:6      | Noticed Dowan
  7042 | D:6      | Killed Duvessa
  7044 | D:6      | Killed Dowan
  7045 | D:6      | Reached skill level 5 in Spellcasting
  7127 | D:6      | Noticed Sigmund
  7173 | D:6      | Killed Sigmund
  7400 | D:6      | Killed Crazy Yiuf
  7460 | D:7      | Reached skill level 7 in Earth Magic
  7772 | D:6      | Offered knowledge of Frozen Ramparts by Vehumet.
  7919 | D:6      | Learned a level 3 spell: Frozen Ramparts
  7963 | D:7      | Slain by an unseen horror

Illustrated notes

Levels and vault maps discovered:
D:1:      heliophobic_arrival_battle_scene, layout_loops_ring,
          serial_bayou_crossing
D:2:      layout_loops_ring, minitemple
D:3:      layout_basic, chequers_ecumenical_altar_grove,
          gammafunk_ghost_mausoleum, hangedman_decor_growths
D:4:      minmay_chambers_of_fours, layout_basic, kennysheep_mini
D:5:      layout_rooms, elyvilon_altar_4
D:6:      layout_loops_ring, sigmund_army, uniq_duvessa, uniq_edmund,
          uniq_crazy_yiuf_cottage
D:7:      layout_rooms, temple_fountains, basic_altar, serial_glass,
          glass_columns_a, glass_columns_b, uniq_pikel

Skill      XL: |  1  2  3  4  5  6  7  8 |
---------------+-------------------------+-----
Spellcasting   | 3 4 5 |  5.0
Earth Magic    | 4 5 6 7 |  7.3
Conjurations   | 1 3 4 5 |  5.0
Dodging        | 2 3 |  3.4
Fighting       | 1 3 |  3.3
Transmutations | 3 |  3.4
Stealth        | |  1.7

Action                   |  1- 3 |  4- 6 |  7- 9 || total
-------------------------+-------+-------+-------++-------
Melee: Unarmed           |    51 |    22 |       ||    73
       Tailslap          |     5 |     4 |    24 ||    33
       Whip              |       |     7 |       ||     7
       Dagger            |       |    30 |   130 ||   160
 Cast: Sandblast         |    29 |    88 |    16 ||   133
       Stone Arrow       |       |     4 |    41 ||    45
       Frozen Ramparts   |       |       |     2 ||     2
 Abil: Breathe Steam     |       |       |     1 ||     1
  Use: Potion            |       |     1 |     2 ||     3
 Stab: Sleeping          |     1 |     3 |       ||     4
       Distracted        |       |     1 |       ||     1
Armor: Skin              |    17 |    58 |    67 ||   142
Dodge: Dodged            |    36 |    94 |    99 ||   229

Table legend: (Time is in decaauts)
 A = Elapsed time spent in this place.
 B = Non-inter-level travel time spent in this place.
 C = Inter-level travel time spent in this place.
 D = Time resting spent in this place.
 E = Time spent auto-exploring this place.
 F = Levels seen in this place.
 G = Mean time per level.
                   A        B        C        D        E       F      G
               +--------+--------+--------+--------+--------+-----+--------+
         Total |   7973 |   7840 |    133 |   2743 |   4030 |   7 | 1139.0 |
       Dungeon |   7973 |   7840 |    133 |   2743 |   4030 |   7 | 1139.0 |
               +--------+--------+--------+--------+--------+-----+--------+

Top non-repeatable levels by time:
     D:6: 2103 daAuts
     D:3: 1425 daAuts
     D:1: 1392 daAuts
     D:2: 1116 daAuts
     D:5: 858 daAuts
     D:4: 788 daAuts
     D:7: 289 daAuts
